 Dungeon Crawl Stone Soup version 0.16.2-12-gd0ad4c3 (webtiles) character file.

279168 Aumanor the Sorcerer (level 19, -5/114 HPs)
             Began as a Deep Elf Wizard on Oct 18, 2016.
             Was the Champion of Vehumet.
             Killed from afar by a crystal guardian (21 damage)
             ... with a crystal bolt
             ... on level 1 of the Depths on Oct 27, 2016.
             The game lasted 05:57:14 (71588 turns).

Aumanor the Sorcerer (Deep Elf Wizard)             Turns: 71588, Time: 05:57:14

Health: -5/114     AC: 14    Str:  5    XL:     19   Next: 65%
Magic:  6/45       EV: 16    Int: 35    God:    Vehumet [******]
Gold:   3959       SH:  5    Dex: 11    Spells: 12 memorised, 15 levels left

rFire  . . .     SeeInvis +     f - staff of conjuration
rCold  . . .     Clarity  .     o - +2 robe {Archmagi}
rNeg   . . .     SustAb   .     C - +0 buckler {AC+3}
rPois  +         Gourm    .     g - +1 hat {Int+3}
rElec  .         Spirit   .     j - +1 cloak {+Inv}
rCorr  .         Warding  .     Y - +2 pair of gloves {Str+3}
rMut   .         Stasis   .     B - +1 pair of boots {Fly}
MR     +....                    (no amulet)
Stlth  ++........               X - ring of poison resistance
                                E - ring of see invisible

@: flying, delayed fireball, repel missiles, somewhat resistant to hostile
enchantments, unstealthy
A: claws 1, breathe flames 1, clumsy 1, deformed body, robust 1, screaming 1,
spit poison 1, weak 1, wild magic 1, forlorn
a: Spit Poison, Renounce Religion, Breathe Fire, Release Delayed Fireball, Evoke
Invisibility, Stop Flying
}: 2/15 runes: decaying, serpentine


You were on level 1 of the Depths.
You worshipped Vehumet.
Vehumet was exalted by your worship.
You were not hungry.

You visited 7 branches of the dungeon, and saw 39 of its levels.
You also visited: Sewer.

You collected 3959 gold pieces.

Inventory:

Hand weapons
 t - a +4 blowgun
Missiles
 k - 77 poisoned needles
 G - 12 curare-tipped needles
 L - 3 needles of sleeping
Armour
 g - a +1 hat of intelligence (worn)
 j - a +1 cloak of invisibility (worn)
 o - a +2 robe of the Archmagi (worn)
 B - a +1 pair of boots of flying (worn)
 C - a +0 buckler of protection (worn)
 I - a +1 robe of fire resistance
 M - a +2 robe of magic resistance
 Y - a +2 pair of gloves of strength (worn)
Magical staves
 f - an uncursed staff of conjuration (weapon)
Jewellery
 c - an uncursed amulet of stasis
 i - a cursed ring of fire
 E - a ring of see invisible (left hand)
 X - a ring of poison resistance (right hand)
Magical devices
 n - a wand of digging (17)
 v - a wand of teleportation (4)
Scrolls
 a - 2 scrolls of fear
 e - a scroll of torment {unknown}
 h - 6 scrolls of amnesia
 l - 6 scrolls of identify
 q - 6 scrolls of teleportation
 r - 2 scrolls of blinking
 s - 20 scrolls of remove curse
 u - 7 scrolls of magic mapping
 F - 2 scrolls of fog
Potions
 b - 2 potions of magic
 x - a potion of degeneration {unknown}
 D - 11 potions of curing
 J - 6 potions of haste
 S - 4 potions of heal wounds
Books
 y - Crourruf's Guide on the Rocks
   (You found it on level 1 of the Depths)

   Spells                             Type                      Level
   a - Sandblast                      Earth                        1
   b - Stone Arrow                    Conjuration/Earth            3
   c - Passwall                       Transmutation/Earth          3
   d - Iron Shot                      Conjuration/Earth            6
 A - a book of Enchantments

   Spells                             Type                      Level
   a - Tukima's Dance                 Hexes                        3
   b - Cause Fear                     Hexes                        4
   c - Silence                        Hexes/Air                    5
   d - Deflect Missiles               Charms/Air                   6
   e - Haste                          Charms                       6
   f - Discord                        Hexes                        8
Miscellaneous
 T - a crystal ball of energy
Comestibles
 d - 21 bread rations
 m - 13 meat rations
 p - 32 beef jerkies
 w - 5 chunks of flesh
 H - 16 fruits


   Skills:
 + Level 6.7 Fighting
 - Level 9.4 Dodging
 - Level 2.4 Stealth
 - Level 4.4 Shields
 + Level 21.3 Spellcasting
 * Level 18.5 Conjurations
 + Level 7.2 Charms
   Level 1.1 Summonings
 - Level 1.1 Translocations
 * Level 14.6 Fire Magic
 - Level 9.2 Ice Magic
 - Level 9.4 Air Magic
 - Level 9.4 Earth Magic
 - Level 7.2 Poison Magic
 * Level 12.4 Evocations


You had 15 spell levels left.
You knew the following spells:

 Your Spells              Type           Power        Failure   Level  Hunger
a - Magic Dart            Conj           ####         1%          1    None
b - Blink                 Tloc           N/A          3%          2    None
c - Iron Shot             Conj/Erth      #########.   1%          6    None
d - Mephitic Cloud        Conj/Pois/Air  ########     1%          3    None
e - Conjure Flame         Conj/Fire      ########     1%          3    None
f - Flame Tongue          Conj/Fire      #####        1%          1    None
g - Repel Missiles        Chrm/Air       ######       1%          2    None
h - Shock                 Conj/Air       ####         1%          1    None
k - Bolt of Fire          Conj/Fire      #########.   1%          6    None
l - Orb of Destruction    Conj           #########.   1%          7    None
m - Freezing Cloud        Conj/Ice/Air   #########.   1%          6    None
n - Delayed Fireball      Conj/Fire      N/A          1%          7    None


Dungeon Overview and Level Annotations

Branches:
Dungeon (15/15)            Temple (1/1) D:4            Lair (8/8) D:8
  Swamp (5/5) Lair:6        Snake (5/5) Lair:3        Slime (0/6) Lair:8
    Orc (4/4) D:10            Elf (0/3) Orc:4        Vaults (0/5) D:14
 Depths (1/5) D:15

Altars:
Ashenzari
Cheibriados
Dithmenos
Elyvilon
Fedhas
Kikubaaqudgha
Makhleb
Nemelex Xobeh
Okawaru
Ru
Sif Muna
Trog
Vehumet
Xom
Yredelemnul
The Shining One
Beogh

Shops:
Orc:1 =   Orc:3 [:![   Orc:4 (=[*[   Snake:1 [

Portals:
Hell: Depths:1
Abyss: Depths:1

Annotations:
D:13 exclusion: efreet
Depths:1 exclusion: door


Innate Abilities, Weirdness & Mutations

You have sharp fingernails.
You can breathe flames.
You are clumsy. (Dex -2)
Armour fits poorly on your strangely shaped body.
You are robust (+10% HP).
You occasionally shout uncontrollably at your foes.
You can spit poison.
You are weak. (Str -2)
Your spells are a little harder to cast, but a little more powerful.
You have difficulty communicating with the divine.


Message History

You feel a strong surge of power!
The iron shot hits the crystal guardian.
The crystal guardian is almost destroyed.
Some of the chunks of flesh in your inventory have rotted away.
Casting: Iron Shot
Confirm with . or Enter, or press ? or * to list all spells.
Aiming: Iron Shot
Press: ? - help, Shift-Dir - straight line, f/p - crystal guardian
Aim: a crystal guardian (freezing vapour, almost destroyed)
You feel a strong surge of power!
The iron shot hits the crystal guardian.
You destroy the crystal guardian!
You start resting.
You shout at the dire elephant!
A dire elephant comes into view.
You hear a trumpeting!
You see here a bolt.
The crystal guardian fires a crystalline bolt at you.
The crystal bolt burns you!
You die...

............Y........# ##########
.....................###.§§.§...#
.................≈≈≈≈≈≈≈≈§§≈§§≈.#
#########........≈############≈.#
##≈≈§≈≈≈#........≈# ..$.? #≈.#
##≈≈≈§≈≈#........≈# [...[. #≈..
##≈≈≈≈≈≈#...[....≈##...$.. #≈..
#########.......(≈##8..$$.. #≈..
)..........≈≈≈≈≈@§§'"....$$ #≈..
...........≈≈###≈≈##.....$= #≈..
#######'##.≈≈# #≈≈##...$$[ #≈..
##.##.≈≈# #≈≈# .."... #≈..
#...'.≈≈# #≈≈# $.).. #≈..
#..##.≈≈# #)≈############≈..
#..##.≈≈###≈≈≈≈≈≈≈)≈≈≈≈≈≈≈..
#..##.≈≈≈≈≈≈....##########..
#####........#### #..


You could see a crystal guardian.

Vanquished Creatures
  Nikola (Swamp:5)
  Asterion (Swamp:3)
  2 frost giants (Depths:1)
  8 greater nagas
  2 emperor scorpions (Depths:1)
  Gastronok (Lair:2)
  An orc warlord (Orc:4)
  A caustic shrike skeleton (D:15)
  The ghost of aredel the Transmogrifier, a powerful OpTm of Kikubaaqudgha (D:13)
  A very ugly thing (Swamp:3)
  3 stone giants (Depths:1)
  A dire elephant (Depths:1)
  The ghost of SaintRoka the Spry, a powerful SpEn of Cheibriados (D:12)
  3 crystal guardians (Depths:1)
  2 minotaurs (Depths:1)
  2 ettins (Depths:1)
  3 fire dragons
  A yaktaur captain (Depths:1)
  4 vault guards (D:14)
  Josephine (D:11)
  3 rakshasas (Depths:1)
  Fannar (D:13)
  30 hydras
  11 naga warriors
  A catoblepas (D:14)
  2 ice dragons
  6 anacondas
  3 ghost crabs
  4 ogre magi (Depths:1)
  2 deep troll earth magi (Depths:1)
  An orc high priest (Orc:4)
  2 centaur warriors
  9 alligators
  A deep troll shaman (Depths:1)
  The ghost of aredel the Transmogrifier, an experienced OpTm (D:11)
  A tengu warrior (D:15)
  34 death yaks
  The ghost of Gwarll the Reanimator, an experienced DsNe of Yredelemnul (Orc:2)
  12 spriggans
  8 shock serpents
  15 naga sharpshooters
  Erolcha (D:12)
  4 salamander mystics
  A deep elf knight (Depths:1)
  2 skeletal warriors (D:15)
  The ghost of Aumanor the Destroyer, an experienced DEWz of Vehumet (D:8)
  7 deep trolls (Depths:1)
  2 unseen horrors (D:14)
  9 swamp dragons
  A flayed ghost (D:15)
  2 spriggan druids
  2 shambling mangroves
  3 naga ritualists
  A harpy (D:14)
  4 orc knights
  2 wolf spider zombies
  A deep elf conjurer (Depths:1)
  6 mana vipers
  A necromancer (D:15)
  7 hill giants
  A wizard (D:14)
  21 salamanders
  3 griffons
  27 ugly things
  3 orc sorcerers (Orc:4)
  A hornet (shapeshifter) (D:14)
  5 cyclopes
  4 hornets
  A spriggan zombie (D:15)
  6 elephants (Lair:7)
  29 black mambas
  An orange crystal statue (Depths:1)
  An emperor scorpion zombie (D:15)
  2 torpor snails
  A gargoyle (D:12)
  7 yaktaurs
  9 komodo dragons
  27 spiny frogs
  5 fire drakes
  6 trolls
  21 naga magi
  11 polar bears
  2 raiju (Lair:8)
  Sonja (D:15)
  13 ravens
  12 giant leeches
  29 slime creatures
  A boulder beetle (Lair:8)
  7 bog bodies
  A human skeleton (D:14)
  A raven (shapeshifter) (Depths:1)
  An ettin zombie (D:15)
  9 two-headed ogres
  A centaur simulacrum (D:15)
  6 basilisks
  6 baby alligators (Swamp:3)
  19 blink frogs
  A basilisk (shapeshifter) (Depths:1)
  A trapdoor spider (D:14)
  A fire elemental (Lair:4)
  2 water elementals
  2 shadows
  3 deep elf magi
  16 hippogriffs
  8 wraiths
  A deep elf fighter (Depths:1)
  72 yaks
  70 nagas
  24 swamp worms
  4 wandering mushrooms (D:8)
  A spectral spiny frog (Swamp:4)
  3 steam dragons (Lair:8)
  49 vampire mosquitoes
  6 hungry ghosts
  13 wargs
  5 insubstantial wisps
  3 mottled dragons
  12 wolves
  38 water moccasins
  14 wasps
  21 swamp drakes
  13 porcupines
  33 orc warriors
  2 phantoms
  3 sky beasts
  15 black bears
  3 hell hounds (Lair:8)
  7 ice beasts
  3 eyes of draining
  3 necrophages
  29 ogres
  2 boring beetles
  14 crocodiles
  8 centaurs
  Sigmund (D:3)
  18 giant frogs
  A brain worm (D:14)
  A wyvern zombie (D:10)
  8 big kobolds
  2 wyvern skeletons (D:14)
  4 scorpions
  2 oklob saplings (D:8)
  23 killer bees
  An electric eel (Orc:1)
  3 goliath beetles
  6 crimson imps
  2 centaur zombies
  23 hounds
  2 giant frog zombies
  10 wights
  3 giant frog skeletons
  41 orc wizards
  26 orc priests
  5 jellies
  12 centaur skeletons
  11 iguanas
  5 hell rats (Lair:5)
  15 worker ants
  16 sheep
  An ogre skeleton (D:11)
  3 hound skeletons
  2 hound zombies
  3 mummies
  Robin (D:3)
  53 river rats
  4 shadow imps
  22 adders
  5 giant mites
  A worm (D:3)
  An adder skeleton (D:4)
  6 giant geckos
  2 oozes
  214 orcs
  A ball python (D:3)
  18 bats
  A bat zombie (D:8)
  8 giant cockroaches
  20 goblins
  26 hobgoblins
  12 jackals
  13 quokkas
  7 giant newts
  2 giant spores
  2 hobgoblin zombies (D:6)
  43 kobolds
  A kobold zombie (D:6)
  An orc zombie (D:6)
  A quokka skeleton (D:6)
  25 rats
  A spectral hobgoblin (Swamp:4)
  2 ballistomycetes (D:8)
  3 fungi
  15 plants
1812 creatures vanquished.

Vanquished Creatures (collateral kills)
  A black mamba (Lair:1)
  A yak (D:12)
  2 killer bees (D:12)
  A crimson imp (D:5)
  2 worker ants (D:4)
  A worm (D:1)
  2 jackals (D:1)
  A kobold (D:2)
  A ballistomycete (D:12)
12 creatures vanquished.

Vanquished Creatures (others)
  A wyvern (D:12)
  A black bear (D:8)
  An orc warrior (D:8)
  2 scorpions (D:8)
  2 crimson imps (D:12)
  An iguana (D:8)
  An orc wizard (D:8)
  A hound (D:8)
  2 adders (D:8)
  2 white imps (D:12)
  An orc (Orc:4)
  A giant cockroach (D:8)
  A giant spore (D:8)
  A rat (D:8)
  3 ballistomycetes
  37 fungi
  53 plants
111 creatures vanquished.

Grand Total: 1935 creatures vanquished

Notes
Turn   | Place    | Note
--------------------------------------------------------------
     0 | D:1      | Aumanor, the Deep Elf Wizard, began the quest for the Orb.
     0 | D:1      | Reached XP level 1. HP: 10/10 MP: 6/6
   204 | D:1      | Reached XP level 2. HP: 15/15 MP: 0/9
   324 | D:1      | Learned a level 2 spell: Blink
   327 | D:1      | Learned a level 2 spell: Call Imp
  1135 | D:1      | Reached XP level 3. HP: 19/19 MP: 0/12
  1813 | D:2      | Learned a level 3 spell: Mephitic Cloud
  2082 | D:3      | Reached XP level 4. HP: 24/24 MP: 7/15
  2176 | D:3      | Noticed Sigmund
  2187 | D:3      | Killed Sigmund
  2187 | D:3      | Reached skill level 1 in Air Magic
  2187 | D:3      | Reached skill level 1 in Poison Magic
  2187 | D:3      | Reached XP level 5. HP: 24/28 MP: 0/18
  2566 | D:3      | Noticed Robin
  2860 | D:3      | Killed Robin
  3004 | D:3      | Found a sparkling altar of Nemelex Xobeh.
  3532 | D:4      | Reached XP level 6. HP: 32/32 MP: 10/20
  3917 | D:4      | Found a shattered altar of Ashenzari.
  3993 | D:4      | Reached skill level 5 in Conjurations
  4023 | D:4      | Found a staircase to the Ecumenical Temple.
  4032 | Temple   | Entered the Ecumenical Temple
  4076 | Temple   | Became a worshipper of Vehumet
  4153 | D:4      | Noticed a phantom
  4171 | D:4      | Killed a phantom
  4171 | D:4      | Reached skill level 5 in Spellcasting
  4222 | D:4      | Learned a level 3 spell: Conjure Flame
  4430 | D:4      | Reached XP level 7. HP: 36/36 MP: 14/23
  4698 | D:5      | Entered Level 5 of the Dungeon
  4740 | D:5      | Found a sparkling altar of Nemelex Xobeh.
  4939 | D:5      | Reached skill level 1 in Fire Magic
  5015 | D:5      | Reached skill level 6 in Spellcasting
  5628 | D:5      | Reached skill level 7 in Spellcasting
  5746 | D:5      | Acquired Vehumet's first power
  5746 | D:5      | Offered knowledge of Flame Tongue by Vehumet.
  5749 | D:5      | Learned a level 1 spell: Flame Tongue
  5800 | D:5      | Reached XP level 8. HP: 41/41 MP: 16/26
  6545 | D:5      | Learned a level 2 spell: Repel Missiles
  6563 | D:6      | Reached skill level 8 in Spellcasting
  6787 | D:6      | Found a glowing drain.
  6926 | Sewer    | Entered a sewer
  7041 | Sewer    | Offered knowledge of Shock by Vehumet.
  7134 | Sewer    | Found a white marble altar of Elyvilon.
  7194 | D:6      | Learned a level 1 spell: Shock
  7278 | D:6      | Reached skill level 5 in Dodging
  7841 | D:6      | Reached skill level 9 in Spellcasting
  8327 | D:7      | Found a burning altar of Makhleb.
  8327 | D:7      | Found a deep blue altar of Sif Muna.
  8328 | D:7      | Found a blossoming altar of Fedhas.
  8372 | D:7      | Reached XP level 9. HP: 45/45 MP: 17/29
  8525 | D:7      | Offered knowledge of Searing Ray by Vehumet.
  8533 | D:7      | Learned a level 2 spell: Searing Ray
  8882 | D:7      | Learned a level 3 spell: Stone Arrow
  8971 | D:7      | Acquired Vehumet's second power
  9316 | D:7      | Reached skill level 10 in Spellcasting
  9630 | D:7      | Reached skill level 5 in Fire Magic
 10115 | D:8      | Found a staircase to the Lair.
 10118 | D:8      | Offered knowledge of Inner Flame by Vehumet.
 10231 | D:8      | Found a shimmering altar of Xom.
 10365 | D:8      | Reached skill level 5 in Poison Magic
 10577 | D:8      | Noticed Aumanor's ghost (experienced DEWz)
 10587 | D:8      | Killed Aumanor's ghost
 10587 | D:8      | Reached skill level 11 in Spellcasting
 10587 | D:8      | Reached XP level 10. HP: 36/50 MP: 18/32
 11341 | D:8      | Found a blossoming altar of Fedhas.
 11541 | Lair:1   | Entered Level 1 of the Lair of Beasts
 11734 | D:9      | Acquired Vehumet's third power
 12084 | D:9      | Found a snail-covered altar of Cheibriados.
 12148 | D:9      | Reached skill level 12 in Spellcasting
 12417 | D:9      | Offered knowledge of Olgreb's Toxic Radiance by Vehumet.
 13005 | D:9      | Reached skill level 1 in Earth Magic
 13134 | D:9      | Gained mutation: Your muscles are strong. (Str +2) [potion of mutation]
 13134 | D:9      | Gained mutation: You are dopey. (Int -2) [potion of mutation]
 13134 | D:9      | Gained mutation: You are clumsy. (Dex -2) [potion of mutation]
 13135 | D:9      | Gained mutation: You expend magic power (3 MP) to slightly strengthen your wands. [potion of mutation]
 13135 | D:9      | Lost mutation: You are clumsy. (Dex -2) [potion of mutation]
 13135 | D:9      | Gained mutation: You are partially covered in iridescent scales (AC +4). [potion of mutation]
 13832 | D:9      | Found a sacrificial altar of Ru.
 14113 | Lair:1   | Noticed a black mamba
 14135 | Lair:1   | Killed a black mamba
 14135 | Lair:1   | Reached XP level 11. HP: 16/54 MP: 7/34
 14575 | Lair:1   | Got a heavily runed gossamer ring
 15445 | Lair:2   | Noticed Gastronok
 15791 | Lair:2   | Reached skill level 13 in Spellcasting
 16316 | Lair:2   | Gained mutation: Your magical capacity is low (-10% MP). [potion of mutation]
 16351 | Lair:2   | Noticed a five-headed hydra
 16366 | Lair:2   | Noticed a seven-headed hydra
 16373 | Lair:2   | Killed a five-headed hydra
 16398 | Lair:2   | Got a transparent ruby amulet
 16509 | Lair:2   | Killed a seven-headed hydra
 16589 | Lair:2   | Reached skill level 5 in Earth Magic
 16773 | Lair:1   | Identified the amulet "Plog" {Faith +Blink rC- rN+ MP+9 Int-3} (You found it on level 2 of the Lair of Beasts)
 16775 | Lair:1   | Identified the ring of Mioqesh {rF+ Str+3 Int-2 Dex+3} (You found it on level 1 of the Lair of Beasts)
 17472 | Lair:2   | Noticed a death yak
 17618 | Lair:2   | Killed a death yak
 17900 | Lair:2   | Killed Gastronok
 17900 | Lair:2   | Reached skill level 10 in Conjurations
 17900 | Lair:2   | Reached XP level 12. HP: 59/59 MP: 15/32
 18395 | Lair:3   | Found a staircase to the Snake Pit.
 18420 | Lair:3   | Offered knowledge of Bolt of Fire by Vehumet.
 18434 | Lair:3   | Learned a level 6 spell: Bolt of Fire
 20081 | Lair:4   | Reached skill level 14 in Spellcasting
 20960 | Lair:5   | Found a staircase to the Snake Pit.
 21100 | Lair:5   | Noticed an eight-headed hydra
 21102 | Lair:5   | Killed an eight-headed hydra
 21538 | Lair:6   | Noticed a four-headed hydra
 21542 | Lair:6   | Killed a four-headed hydra
 21930 | Lair:6   | Found a staircase to the Swamp.
 22454 | Lair:6   | Reached skill level 10 in Fire Magic
 22749 | Lair:6   | Reached XP level 13. HP: 63/63 MP: 25/33
 23179 | Lair:7   | Offered knowledge of Orb of Destruction by Vehumet.
 23188 | Lair:7   | Learned a level 7 spell: Orb of Destruction
 25097 | D:10     | Entered Level 10 of the Dungeon
 25138 | D:10     | Reached skill level 15 in Spellcasting
 25152 | D:10     | Found a staircase to the Orcish Mines.
 26247 | D:11     | Noticed aredel's ghost (experienced OpTm)
 26251 | D:11     | Killed aredel's ghost
 26948 | D:11     | Offered knowledge of Bolt of Magma by Vehumet.
 26951 | D:11     | Noticed Josephine
 26982 | D:11     | Killed Josephine
 27330 | D:12     | Noticed SaintRoka's ghost (powerful SpEn)
 27372 | D:12     | Noticed Erolcha
 28401 | D:12     | Killed Erolcha
 28621 | D:12     | Found a radiant altar of Vehumet.
 28737 | D:12     | Reached XP level 14. HP: 65/68 MP: 15/34
 28948 | D:12     | Killed SaintRoka's ghost
 29985 | D:13     | Noticed aredel's ghost (powerful OpTm)
 29988 | D:13     | Killed aredel's ghost
 30303 | D:13     | Noticed Fannar
 30310 | D:13     | Killed Fannar
 31287 | D:11     | Reached skill level 1 in Shields
 31679 | D:14     | Found a gate to the Vaults.
 32272 | D:14     | Reached skill level 16 in Spellcasting
 32435 | D:14     | Offered knowledge of Freezing Cloud by Vehumet.
 32443 | D:14     | Learned a level 6 spell: Freezing Cloud
 32492 | D:14     | Reached skill level 1 in Ice Magic
 32595 | D:14     | Lost mutation: You are dopey. (Int -2) [mutagenic meat]
 32596 | D:14     | Lost mutation: Your muscles are strong. (Str +2) [mutagenic meat]
 32597 | D:14     | Gained mutation: You are frail (-10% HP). [mutagenic meat]
 32613 | D:14     | Lost mutation: You expend magic power (3 MP) to slightly strengthen your wands. [mutagenic meat]
 33695 | D:14     | Gained mutation: You have difficulty communicating with the divine. [mutagenic meat]
 33696 | D:14     | Gained mutation: You can breathe flames. [mutagenic meat]
 33697 | D:14     | Gained mutation: You can spit poison. [mutagenic meat]
 33699 | D:14     | Gained mutation: You are resistant to hostile enchantments. [mutagenic meat]
 33700 | D:14     | Gained mutation: Your natural rate of healing is unusually fast. [mutagenic meat]
 34306 | D:14     | Reached skill level 15 in Conjurations
 34503 | D:15     | Entered Level 15 of the Dungeon
 34512 | D:15     | Noticed Sonja
 34514 | D:15     | Killed Sonja
 34586 | D:15     | Reached XP level 15. HP: 64/64 MP: 26/36
 35386 | D:15     | Offered knowledge of Delayed Fireball by Vehumet.
 35463 | D:15     | Lost mutation: You are partially covered in iridescent scales (AC +4). [mutagenic meat]
 35851 | D:15     | Reached skill level 5 in Ice Magic
 36052 | D:15     | Learned a level 7 spell: Delayed Fireball
 36146 | D:15     | Found a staircase to the Depths.
 36334 | D:15     | Gained mutation: You have a pair of small horns on your head. [mutagenic meat]
 36335 | D:15     | Lost mutation: Your magical capacity is low (-10% MP). [mutagenic meat]
 36336 | D:15     | Gained mutation: You are highly resistant to hostile enchantments. [mutagenic meat]
 36337 | D:15     | Lost mutation: You are frail (-10% HP). [mutagenic meat]
 36338 | D:15     | Lost mutation: You have a pair of small horns on your head. [mutagenic meat]
 36573 | D:15     | Gained mutation: You are agile. (Dex +2) [mutagenic meat]
 36574 | D:15     | Lost mutation: Your natural rate of healing is unusually fast. [mutagenic meat]
 36575 | D:15     | Lost mutation: You are agile. (Dex +2) [mutagenic meat]
 36576 | D:15     | Gained mutation: Your spells are a little harder to cast, but a little more powerful. [mutagenic meat]
 36797 | D:15     | Found a white marble altar of Elyvilon.
 36937 | D:15     | Reached skill level 1 in Evocations
 37436 | Orc:1    | Entered Level 1 of the Orcish Mines
 37436 | Orc:1    | Found Rokan's Jewellery Shop.
 38115 | Orc:1    | Offered knowledge of Ozocubu's Refrigeration by Vehumet.
 38687 | Orc:1    | Reached skill level 17 in Spellcasting
 39178 | Orc:2    | Noticed Gwarll's ghost (experienced DsNe)
 39543 | Orc:3    | Found Chatsub's Distillery.
 39737 | Orc:3    | Found Begaem's Antique Armour Emporium.
 39838 | Orc:3    | Offered knowledge of Bolt of Cold by Vehumet.
 40318 | Orc:3    | Found Sminn's Armour Emporium.
 40549 | Orc:3    | Found Otuunupn's Book Shoppe.
 41071 | Orc:2    | Killed Gwarll's ghost
 41400 | Orc:4    | Entered Level 4 of the Orcish Mines
 41400 | Orc:4    | Found a staircase to the Elven Halls.
 41400 | Orc:4    | Found Suqenai's Antique Armour Emporium.
 42122 | Orc:4    | Reached skill level 5 in Air Magic
 42297 | Orc:4    | Found a roughly hewn altar of Beogh.
 42490 | Orc:4    | Found Atiutzec's Jewellery Boutique.
 42625 | Orc:4    | Found Suacsai's General Store.
 42645 | Orc:4    | Found Grat's Antique Weapon Boutique.
 42663 | Orc:4    | Found Noz Ogy's Antique Armour Boutique.
 43701 | Lair:8   | Entered Level 8 of the Lair of Beasts
 44680 | Lair:8   | Found a staircase to the Slime Pits.
 44982 | Lair:8   | Reached XP level 16. HP: 76/76 MP: 25/41
 46301 | Lair:8   | Reached skill level 18 in Spellcasting
 46755 | Lair:8   | Reached skill level 5 in Evocations
 48146 | Swamp:1  | Entered Level 1 of the Swamp
 48562 | Snake:1  | Entered Level 1 of the Snake Pit
 49277 | Snake:1  | Got a crude mace
 49811 | Snake:1  | Found Xapen's Armour Shoppe.
 49826 | Snake:1  | Reached skill level 1 in Fighting
 52492 | Snake:3  | Reached skill level 19 in Spellcasting
 53014 | Snake:4  | Reached XP level 17. HP: 83/85 MP: 38/42
 58173 | Swamp:3  | Found a shimmering altar of Xom.
 58368 | Swamp:3  | Reached skill level 20 in Spellcasting
 58582 | Swamp:3  | Gained mutation: You are weak. (Str -2) [mutagenic meat]
 58583 | Swamp:3  | Gained mutation: Armour fits poorly on your strangely shaped body. [mutagenic meat]
 58743 | Swamp:3  | Noticed Asterion
 58815 | Swamp:3  | Killed Asterion
 61891 | Swamp:5  | Entered Level 5 of the Swamp
 62154 | Swamp:5  | Reached XP level 18. HP: 96/96 MP: 7/44
 62823 | Swamp:4  | Reached skill level 5 in Fighting
 63299 | Swamp:5  | Noticed Nikola
 63305 | Swamp:5  | Killed Nikola
 63520 | Swamp:5  | Got a decaying rune of Zot
 64301 | Lair:1   | Learned a level 6 spell: Iron Shot
 64545 | Swamp:2  | Offered knowledge of Fire Storm by Vehumet.
 64545 | Swamp:2  | Offered knowledge of Glaciate by Vehumet.
 64545 | Swamp:2  | Offered knowledge of Chain Lightning by Vehumet.
 64883 | Snake:5  | Entered Level 5 of the Snake Pit
 65084 | Snake:5  | Reached skill level 1 in Charms
 65160 | Snake:5  | Reached skill level 10 in Evocations
 66299 | Snake:5  | Reached skill level 21 in Spellcasting
 68107 | Snake:5  | Got a serpentine rune of Zot
 68809 | Depths:1 | Entered Level 1 of the Depths
 68811 | Depths:1 | Reached skill level 5 in Charms
 68943 | Depths:1 | Found a one-way gate to the infinite horrors of the Abyss.
 68978 | Depths:1 | Reached XP level 19. HP: 103/103 MP: 36/45
 69270 | Depths:1 | Gained mutation: You are robust (+10% HP). [mutagenic meat]
 69271 | Depths:1 | Gained mutation: You have supernaturally acute eyesight. [mutagenic meat]
 69291 | Depths:1 | Found a gateway to Hell.
 69858 | Depths:1 | Gained mutation: You occasionally shout uncontrollably at your foes. [mutagenic meat]
 69860 | Depths:1 | Gained mutation: You are clumsy. (Dex -2) [mutagenic meat]
 69861 | Depths:1 | Lost mutation: You are highly resistant to hostile enchantments. [mutagenic meat]
 69862 | Depths:1 | Gained mutation: You have sharp fingernails. [mutagenic meat]
 69863 | Depths:1 | Lost mutation: You are resistant to hostile enchantments. [mutagenic meat]
 69864 | Depths:1 | Lost mutation: You have supernaturally acute eyesight. [mutagenic meat]
 70902 | Depths:1 | Identified Crourruf's Guide on the Rocks
 71164 | Depths:1 | Found a runed door.
 71588 | Depths:1 | Killed from afar by a crystal guardian

Action                   |  1- 3 |  4- 6 |  7- 9 | 10-12 | 13-15 | 16-18 | 19-21 || total
-------------------------+-------+-------+-------+-------+-------+-------+-------++-------
Melee: Staff             |       |       |       |     1 |     4 |     1 |       ||     6
 Fire: Hunting sling     |       |    21 |    67 |    20 |       |       |       ||   108
       Blowgun           |       |       |       |     4 |    64 |       |       ||    68
 Cast: Magic Dart        |   103 |   128 |   229 |   186 |   331 |     8 |       ||   985
       Call Imp          |     3 |     5 |     2 |    10 |     4 |       |       ||    24
       Mephitic Cloud    |       |     9 |    38 |    39 |    68 |     4 |     1 ||   159
       Conjure Flame     |       |       |    23 |    18 |    27 |       |       ||    68
       Flame Tongue      |       |       |    33 |     4 |    26 |       |       ||    63
       Blink             |       |       |     2 |       |     5 |     3 |       ||    10
       Shock             |       |       |    11 |     6 |       |       |       ||    17
       Repel Missiles    |       |       |     2 |       |     3 |     1 |       ||     6
       Stone Arrow       |       |       |    43 |   351 |   438 |    98 |       ||   930
       Bolt of Fire      |       |       |       |    39 |   291 |   436 |    46 ||   812
       Orb of Destructio |       |       |       |       |    18 |    27 |     9 ||    54
       Freezing Cloud    |       |       |       |       |    63 |   162 |    22 ||   247
       Delayed Fireball  |       |       |       |       |     3 |       |       ||     3
       Iron Shot         |       |       |       |       |       |    36 |    31 ||    67
 Abil: Release Delayed F |       |       |       |       |     2 |       |       ||     2
Evoke: Rod               |       |       |       |     8 |       |       |       ||     8
  Use: Scroll            |     1 |       |     1 |    16 |    11 |    10 |       ||    39
       Potion            |       |       |       |     4 |     4 |       |     1 ||     9
 Stab: Confused          |       |       |       |       |     9 |       |       ||     9
  Eat: Chunk             |     3 |     7 |    14 |    29 |    91 |    66 |    21 ||   231
       Pizza             |       |       |     1 |       |     1 |     1 |       ||     3
       Meat ration       |       |       |     1 |     3 |     2 |       |       ||     6
       Royal jelly       |       |       |       |     1 |     1 |       |       ||     2
       Fruit             |       |       |       |       |    11 |     9 |       ||    20
